 Dungeon Crawl Stone Soup version 0.31-a0-1178-gc5c9b8f871 (webtiles) character file.

Game seed: 16209852757828595766

88 javelincjr the Magician (level 4, -2/32 HPs)
             Began as a Djinni Hedge Wizard on Dec 11, 2023.
             Slain by a sleepcap (5 damage)
             ... on level 4 of the Dungeon.
             The game lasted 00:06:25 (2160 turns).

javelincjr the Magician (Djinni Hedge Wizard)       Turns: 2160, Time: 00:06:26

Health: -2/32      AC:  2    Str:  9    XL:     4   Next: 82%
Gold:   154        EV: 12    Int: 17    God:
                   SH:  0    Dex: 13

rFire   + + .        k - +0 sling
rCold   x . .        (no shield)
rNeg    . . .        b - +0 robe
rPois   ∞            c - +0 hat
rElec   .            (no cloak)
rCorr   .            (no gloves)
SInv    .            (boots unavailable)
Will    .....        (no amulet)
Stlth   ++           (no ring)
HPRegen 0.25/turn    (no ring)
MPRegen 0.00/turn

%: infuse magic (-3 HP)
@: flying, very slightly contaminated
A: sickness immunity, fire resistance 2, cold vulnerability 1, float, innate
caster, HP casting, extra vitality 1
a: no special abilities


You were on level 4 of the Dungeon.
You visited 1 branch of the dungeon, and saw 4 of its levels.

You collected 154 gold pieces.

Inventory:

Hand Weapons
 a - a +0 dagger
 k - a +0 sling (weapon)
 s - a +2 dagger of venom
Missiles
 h - 8 poisoned darts
Armour
 b - a +0 robe (worn)
 c - a +0 hat (worn)
Scrolls
 j - 6 scrolls of identify {unknown}
 l - a scroll of enchant armour {unknown}
 n - a scroll of fear {unknown}
 o - 3 scrolls of teleportation {unknown}
 p - 2 scrolls of amnesia {unknown}
 r - a scroll of immolation {unknown}
Potions
 d - a potion of mutation {unknown}
 e - 2 potions of enlightenment {unknown}
 f - a potion of curing {unknown}
 g - 3 potions of degeneration {unknown}
 i - a potion of lignification {unknown}
 m - a potion of cancellation {unknown}
 q - a potion of haste {unknown}
 t - a potion of brilliance {unknown}


   Skills:
 + Level 1.4 Fighting
 + Level 0.9 Ranged Weapons
 + Level 2.9 Dodging
 + Level 2.2 Stealth
 * Level 3.3 Spellcasting
 * Level 3.3 Conjurations
 * Level 3.3 Hexes
   Level 0.0 Charms
 * Level 3.3 Summonings
 * Level 3.3 Necromancy
 * Level 3.3 Translocations
 * Level 3.3 Transmutations
 * Level 3.3 Fire Magic
 * Level 3.3 Ice Magic
 * Level 3.3 Air Magic
 * Level 3.3 Earth Magic
 * Level 3.3 Poison Magic


You knew the following spells:

 Your Spells              Type           Power      Damage    Failure   Level
a - Magic Dart            Conj           56%        1d5       4%          1
b - Slow                  Hex            56%        N/A       4%          1
c - Blink                 Tloc           28%        N/A       6%          2
d - Call Imp              Summ           28%        N/A       6%          2
e - Mephitic Cloud        Conj/Pois/Air  14%        N/A       13%         3
f - Foxfire               Conj/Fire      56%        2x1d6     4%          1
Your spell library was empty.

Dungeon Overview and Level Annotations

Branches:
Dungeon (4/15)
 Temple: D:4-7

Altars:


Innate Abilities, Weirdness & Mutations

You are immune to sickness and miasma.
You are immune to poison.
Your flesh is very heat resistant. (rF++)
You are vulnerable to cold. (rC-)
You float through the air rather than walking.
You learn spells naturally, not from books.
Your magical power is your life essence.
You have superior vitality. (+4 MHP)


Message History

You conjure some foxfire!
The sleepcap releases spores at you.
Casting: Foxfire (safe; 4% risk of failure)
Confirm with . or Enter, or press ? or * to list all spells.
A tiny devil pulls itself out of the air.
The foxfire hits the sleepcap but does no damage.
The sleepcap is heavily damaged.
The foxfire hits the sleepcap but does no damage.
The sleepcap is heavily damaged.
The sleepcap releases spores at you.
You are too injured to fight recklessly!
Casting: Call Imp (safe; 6% risk of failure)
Confirm with . or Enter, or press ? or * to list all spells.
Aiming: Magic Dart (safe; 4% risk of failure)
Press: ? - help, Shift-Dir - straight line, f - sleepcap
Aim: a sleepcap (heavily damaged, ally target, 100% to hit)
You miscast Magic Dart.
You are very lightly contaminated with residual magic.
Nothing appears to happen.
The sleepcap releases spores at you!
* * * LOW HITPOINT WARNING * * *
Your cerulean imp hits the sleepcap with a -3 spear.
You are too injured to fight recklessly!
Casting: Foxfire (safe; 4% risk of failure)
Press: ? - help, Q - select action, (/) - cycle Dir - look around, f - activate You conjure some foxfire!
* * * LOW HITPOINT WARNING * * *
The sleepcap releases spores at your cerulean imp!
Your cerulean imp is engulfed in a cloud of soporific spores!
You shoot a sling bullet. The sling bullet hits the sleepcap.
The sleepcap is severely damaged.
The foxfire hits the sleepcap.
The sleepcap is severely damaged.
The foxfire hits the sleepcap.
The sleepcap is almost destroyed.
The sleepcap misses you.
Your cerulean imp hits the sleepcap but does no damage.
You shoot a sling bullet.
The sling bullet hits the sleepcap but does no damage.
The sleepcap is almost destroyed.
The sleepcap releases spores at you.
You die...

#. #.# ##. #.#
.... #.# #....
..# ....##.#
#.5..#
#.#.#f.###++##
#....†@......#
...?..###.###.#
##.## #.# #<#
#.# #.# #.# ...
...


You could see a sleepcap (ally target) and a friendly cerulean imp (summoned).

Vanquished Creatures
  An orc wizard (D:3)
  An adder (D:3)
  A dart slug (D:1)
  4 orcs (D:3)
  5 endoplasms
  3 giant cockroaches
  A goblin (D:1)
  4 hobgoblins
  3 quokkas (D:1)
  6 ball pythons
  6 bats
  A frilled lizard (D:3)
  5 kobolds
  7 rats
48 creatures vanquished.

Vanquished Creatures (others)
  116 foxfires
116 creatures vanquished.

Grand Total: 164 creatures vanquished

Notes
Turn   | Place    | Note
-------+----------+-------------------------------------------
     0 | D:1      | javelincjr the Djinni Hedge Wizard began the quest for the
                  | Orb.
     0 | D:1      | javelincjr set off with the following spells memorised:
                  | Magic Dart, Slow, Blink, Call Imp, Mephitic Cloud.
     0 | D:1      | Reached XP level 1. HP: 15/15 MP: 0/0
   257 | D:1      | Reached XP level 2. HP: 21/22 MP: 0/0
   880 | D:2      | Reached XP level 3. HP: 26/26 MP: 0/0
   880 | D:2      | Learned a level 1 spell: Foxfire
  1293 | D:3      | Reached skill level 1 in Fighting
  1298 | D:3      | Reached XP level 4. HP: 23/32 MP: 0/0
  2160 | D:4      | Slain by a sleepcap

Illustrated notes

Levels and vault maps discovered:
D:1:      dpeg_arrival_rooms_c, layout_basic
D:2:      layout_rooms
D:3:      layout_basic
D:4:      layout_loops_ring, kennysheep_generic_room_15, uniq_blork_the_orc

Skill      XL: |  1  2  3 |
---------------+----------+-----
Spellcasting   | 3 |  3.3
Conjurations   | 3 |  3.3
Hexes          | 3 |  3.3
Summonings     | 3 |  3.3
Necromancy     | 3 |  3.3
Translocations | 3 |  3.3
Transmutations | 3 |  3.3
Fire Magic     | 3 |  3.3
Ice Magic      | 3 |  3.3
Air Magic      | 3 |  3.3
Earth Magic    | 3 |  3.3
Poison Magic   | 3 |  3.3
Fighting       | 1 |  1.4
Stealth        | 2 |  2.2
Ranged Weapons | |  0.9
Dodging        | |  2.9

Action                     |  1- 3 |  4- 6 || total
---------------------------+-------+-------++-------
  Melee: Dagger            |     2 |       ||     2
   Fire: Sling             |    12 |    21 ||    33
   Cast: Magic Dart        |    33 |       ||    33
         Foxfire           |    30 |    38 ||    68
         Call Imp          |       |     1 ||     1
 Armour: Robe              |     8 |    26 ||    34
  Dodge: Dodged            |     7 |    16 ||    23

Table legend: (Time is in decaauts)
 A = Elapsed time spent in this place.
 B = Non-inter-level travel time spent in this place.
 C = Inter-level travel time spent in this place.
 D = Time resting spent in this place.
 E = Time spent auto-exploring this place.
 F = Levels seen in this place.
 G = Mean time per level.
                   A        B        C        D        E       F      G
               +--------+--------+--------+--------+--------+-----+--------+
         Total |   2171 |   2068 |    103 |     14 |   1789 |   4 |  542.8 |
       Dungeon |   2171 |   2068 |    103 |     14 |   1789 |   4 |  542.8 |
               +--------+--------+--------+--------+--------+-----+--------+

Top non-repeatable levels by time:
     D:3: 905 daAuts
     D:1: 871 daAuts
     D:2: 369 daAuts
     D:4: 25 daAuts
